 Dungeon Crawl Stone Soup version 0.17-a0-1508-ge7f3dc3 (webtiles) character file.

102 Chiseanne the Skirmisher (level 4, -1/35 HPs)
             Began as a Demonspawn Warper on July 10, 2015.
             Slain by a gnoll
             ... wielding a +0 flail
              (12 damage)
             ... on level 1 of the Dungeon.
             The game lasted 00:04:04 (1745 turns).

Chiseanne the Skirmisher (Demonspawn Warper)        Turns: 1745, Time: 00:04:04

Health: -1/35      AC:  8    Str: 12    XL:     4   Next: 49%
Magic:  16/16      EV: 11    Int: 14    God:
Gold:   116        SH:  2    Dex: 13    Spells: 1 memorised, 6 levels left

rFire  . . .     SeeInvis .     a - +1 hand axe
rCold  . . .     Clarity  .     h - +0 ring mail
rNeg   . . .     SustAt   .     (no shield)
rPois  .         Gourm    .     o - +0 helmet
rElec  .         Spirit   .     (no cloak)
rCorr  .         Warding  .     (no gloves)
rMut   .         Stasis   .     (no boots)
MR     .....                    (no amulet)
Stlth  +.........               (no ring)
                                r - ring of magical power

@: not resistant to hostile enchantments, very unstealthy
A: talons 1, large bone plates 1, powered by death 1
a: no special abilities


You were on level 1 of the Dungeon.
You were not hungry.

You visited 1 branch of the dungeon, and saw 2 of its levels.

You collected 116 gold pieces.

Inventory:

Hand weapons
 a - a +1 hand axe (weapon)
 g - a +0 war axe
Missiles
 e - a tomahawk of dispersal (quivered)
 k - 18 poisoned needles
 n - 19 bolts
 s - a throwing net
Armour
 h - a +0 ring mail (worn)
 o - a +0 helmet (worn)
Jewellery
 r - a ring of magical power (left hand)
Scrolls
 b - a scroll of enchant weapon
 d - a scroll of blinking
 p - a scroll of remove curse
Potions
 j - 3 potions of heal wounds
 l - a potion of mutation {unknown}
 q - a potion of curing {unknown}
Books
 c - a book of Spatial Translocations

   Spells                             Type                      Level
   a - Apportation                    Translocation                1
   b - Blink                          Translocation                2
   c - Shroud of Golubria             Charms/Translocation         2
   d - Portal Projectile              Translocation                3
   e - Teleport Other                 Translocation                3
   f - Passage of Golubria            Translocation                4
Comestibles
 f - a bread ration
 i - 2 chunks of flesh
 m - 2 meat rations


   Skills:
 * Level 3.0 Fighting
 - Level 1.7 Axes
 - Level 0.8 Throwing
 * Level 2.2 Armour
 + Level 2.4 Dodging
 + Level 2.3 Spellcasting
 + Level 2.9 Translocations


You had 6 spell levels left.
You knew the following spells:

 Your Spells              Type           Power        Failure   Level  Hunger
a - Apportation           Tloc           #.........   17%         1    #......


Dungeon Overview and Level Annotations

Branches:
Dungeon (2/15)

Altars:
Makhleb
Okawaru
Ru


Innate Abilities, Weirdness & Mutations

You have sharp toenails.
You are partially covered in large bone plates (AC +2, SH +2).
You regenerate a little health from kills.


Message History

You hit the gnoll but do no damage.
The gnoll is moderately wounded.
The gnoll misses you. You block the gnoll's attack.
You hit the gnoll.
The gnoll is heavily wounded.
You hit the gnoll.
The gnoll is moderately wounded.
The gnoll hits you but does no damage. You block the gnoll's attack.
You hit the gnoll. You claw the gnoll, but do no damage.
The gnoll is severely wounded.
You hit the gnoll but do no damage.
The gnoll is moderately wounded.
The gnoll hits you with a flail. The gnoll closely misses you.
The gnoll hits you but does no damage.
You hit the gnoll.
The gnoll is almost dead.
You hit the gnoll.
The gnoll is heavily wounded.
The gnoll closely misses you. The gnoll hits you with a flail!
You die...

### ..#####
......# #####.#
##### ########
....#.#
#...###.......
###.#.###
#####.#..)....####
....#...#
#.......###.#.# #
#####.#.#
#g#####.....#.# #
....#...########@#
##..#####.# #
###.#.#.........g#
#...# #.# #
....#.#.########.#
##..# #.# #
#####.#.#
#.#####.# #.# #
......#.#
#.......# #.####
#####.#.#
####.#### #...##
#.#.# ##.#†##
###.## #.#.#
#.###.# #.## #.#.#
##..#.## #.#


You could see 2 gnolls.

Vanquished Creatures
  6 gnolls
  An adder (D:2)
  An ooze (D:1)
  A giant gecko (D:1)
  A ball python (D:2)
  2 giant cockroaches
  7 goblins (D:1)
  A hobgoblin (D:1)
  4 bats
  A giant newt (D:2)
  4 jackals (D:1)
  6 rats (D:1)
35 creatures vanquished.

Vanquished Creatures (others)
  5 toadstools (D:1)
5 creatures vanquished.

Grand Total: 40 creatures vanquished

Notes
Turn   | Place    | Note
--------------------------------------------------------------
     0 | D:1      | Chiseanne the Demonspawn Warper began the quest for the Orb.
     0 | D:1      | Reached XP level 1. HP: 16/16 MP: 3/3
    74 | D:1      | Reached skill level 1 in Armour
   215 | D:1      | Gained mutation: You regenerate a little health from kills. [demonic ancestry]
   215 | D:1      | Reached XP level 2. HP: 19/22 MP: 5/5
   799 | D:2      | Found a sacrificial altar of Ru.
   829 | D:2      | Found a burning altar of Makhleb.
   875 | D:2      | Gained mutation: You are partially covered in large bone plates (AC +2, SH +2). [demonic ancestry]
   875 | D:2      | Reached XP level 3. HP: 28/28 MP: 6/6
   885 | D:2      | Found an iron altar of Okawaru.
  1370 | D:2      | Gained mutation: You have sharp toenails. [demonic ancestry]
  1370 | D:2      | Reached XP level 4. HP: 13/34 MP: 7/7
  1725 | D:1      | Reached skill level 3 in Fighting
  1745 | D:1      | Slain by a gnoll

Vault maps used:
D:1:      ldierk_walled_garden, minivault_27
D:2:      nicolae_ru_path_of_blood, okawaru_metal_pillars_1_2, bloody_makhleb

Action                   |  1- 3 |  4- 6 || total
-------------------------+-------+-------++-------
Melee: Hand axe          |   136 |    37 ||   173
Throw: Tomahawk          |     4 |       ||     4
  Use: Scroll            |     6 |       ||     6
  Eat: Chunk             |     2 |     1 ||     3
